 Dungeon Crawl Stone Soup version 0.27.1-16-g815e20cd7a (webtiles) character file.

Game seed: 14905101611432907321

825 pkoi the Insei (level 7, -3/57 HPs)
             Began as a Yellow Draconian Monk on Nov 22, 2021.
             Was a Believer of Dithmenos.
             Slain by Pikel (13 damage)
             ... on level 5 of the Dungeon.
             The game lasted 00:09:35 (6660 turns).

pkoi the Insei (Yellow Draconian Monk)              Turns: 6660, Time: 00:09:36

Health: -3/57      AC:  8    Str: 14    XL:     7   Next: 64%
Magic:  7/7        EV: 12    Int: 11    God:    Dithmenos [**....]
Gold:   198        SH:  0    Dex: 14    Spells: 6/6 levels left

rFire    . . .     SeeInvis +     - Unarmed
rCold    . . .     Faith    .   (no shield)
rNeg     . . .     Spirit   .   (armour unavailable)
rPois    .         Reflect  .   (helmet restricted)
rElec    .         Harm     .   u - scarf {+Inv}
rCorr    +         Rampage  .   (no gloves)
Will     .....                  s - +1 pair of boots
Stlth    ++........             (no amulet)
HPRegen  0.19/turn              x - ring of see invisible
MPRegen  0.10/turn              y - ring of flight

@: flying, wreathed by umbra, studying Bows
A: spit acid, AC +6, unfitting armour, cold-blooded, acid resistance
a: Breathe Acid, Renounce Religion, Evoke Invisibility, Shadow Step


You were on level 5 of the Dungeon.
You worshipped Dithmenos.
Dithmenos was pleased with you.
You visited 1 branch of the dungeon, and saw 5 of its levels.

You collected 198 gold pieces.

Inventory:

Hand Weapons
 b - a +0 shortbow
 k - a +2 dagger of speed
 r - a +1 short sword of speed
 w - a +2 dagger of electrocution
Missiles
 j - 4 javelins (quivered)
 l - 46 arrows
Armour
 s - a +1 pair of boots (worn)
 u - a scarf of invisibility (worn)
Jewellery
 x - a ring of see invisible (left hand)
 y - a ring of flight (right hand)
Wands
 t - a wand of acid (9)
 v - a wand of paralysis (10)
Scrolls
 a - 3 scrolls of identify {unknown}
 c - 2 scrolls of enchant armour {unknown}
 f - a scroll of fear {unknown}
 o - a scroll of amnesia {unknown}
Potions
 d - 2 potions of degeneration {unknown}
 e - a potion of attraction {unknown}
 g - 4 potions of brilliance {unknown}
 h - 2 potions of heal wounds
 i - 2 potions of resistance {unknown}
 m - 3 potions of curing
 n - 2 potions of haste {unknown}
 p - a potion of invisibility {unknown}
 q - 2 potions of lignification {unknown}


   Skills:
 - Level 3.2 Fighting
 + Level 5.7 Bows
 - Level 2.6 Dodging
 - Level 1.7 Stealth
 + Level 7.6 Unarmed Combat
 + Level 1.9 Evocations


You had 6 spell levels left.
You didn't know any spells.
Your spell library contained the following spells:

 Spells                   Type           Power      Damage    Failure   Level
 Animate Skeleton         Necr           0%         N/A       34%         1
 Freeze                   Ice            0%         1d3       34%         1
 Sublimation of Blood     Necr           0%         N/A       47%         2
 Wereblood                Tmut           0%         N/A       47%         2
 Frozen Ramparts          Ice            0%         1d2       71%         3
 Hailstorm                Conj/Ice       0%         3d3       98%         4
 Bolt of Magma            Conj/Fire/Erth 0%         4d4       100%        5
 Simulacrum               Ice/Necr       0%         N/A       100%        6
 Summon Hydra             Summ           0%         N/A       100%        7
 Infestation              Necr           0%         N/A       100%        8


Dungeon Overview and Level Annotations

Branches:
Dungeon (5/15)
 Temple: D:4-7

Altars:
Dithmenos
Elyvilon
Uskayaw

Annotations:
D:5 Pikel


Innate Abilities, Weirdness & Mutations

You can spit globs of acid.
Your golden yellow scales are hard. (AC +6)
You cannot fit into any form of body armour.
You are cold-blooded and may be slowed by cold attacks.
You are resistant to acid. (rCorr)


Message History

Fire: 49 arrows
Press: ? - help, Q - select action, (/) - cycle Shift-Dir - straight line, f/p - Pikel
Aim: Pikel, wielding a +1 whip of flaming, wearing a +0 robe and carrying a wand of iceblast (11) (strong, 55% to hit)
You shoot an arrow. The arrow hits Pikel!
Pikel is moderately wounded.
Fire: 48 arrows
Press: ? - help, Q - select action, (/) - cycle Shift-Dir - straight line, f/p - Pikel
Aim: Pikel, wielding a +1 whip of flaming, wearing a +0 robe and carrying a wand of iceblast (11) (lightly wounded, strong, 55% to hit)
You shoot an arrow. The arrow hits Pikel!
Pikel is heavily wounded.
Fire: 47 arrows
Press: ? - help, Q - select action, (/) - cycle Shift-Dir - straight line, f/p - Pikel
Aim: Pikel, wielding a +1 whip of flaming, wearing a +0 robe and carrying a wand of iceblast (11) (heavily wounded, strong, umbra, 55% to hit)
You shoot an arrow. The arrow hits Pikel.
Pikel is heavily wounded.
You are now empty-handed.
Pikel closely misses you.
You hit Pikel.
Pikel is severely wounded.
You hit Pikel.
Pikel is severely wounded.
Pikel hits you with a +1 whip of flaming!
Pikel burns you.
You punch Pikel!
Pikel is almost dead.
Pikel hits you but does no damage.
You closely miss Pikel.
Your tail-slap misses Pikel.
Pikel is almost dead.
Pikel hits you with a +1 whip of flaming!
Pikel burns you.
* * * LOW HITPOINT WARNING * * *
You hit Pikel.
Pikel is almost dead.
Pikel hits you with a +1 whip of flaming!
* * * LOW HITPOINT WARNING * * *
Pikel burns you.
* * * LOW HITPOINT WARNING * * *
You barely miss Pikel.
Pikel is almost dead.
Pikel hits you with a +1 whip of flaming!
You die...

####.........####...#...#
# ##.......## ##..##.##
##.....## ##.#..# ##...##
#.#..# ##'## #.#..# #.#
#.#K5# ##.####### #..5.#
### #........######(##
..## ##...#.....@K5((.#
...# #......##.########
...####...#.##.#
...............#
..############## ###


You could see Pikel (strong) and a lemure.

Vanquished Creatures
  Edmund (D:5)
  2 centaurs
  2 lemures (D:5)
  A wyvern zombie (D:5)
  A water moccasin skeleton (D:4)
  A howler monkey (D:5)
  A bullfrog zombie (D:5)
  A hound (D:5)
  2 jellies (D:4)
  A centaur skeleton (D:5)
  2 iguanas (D:5)
  A hound zombie (D:5)
  Robin (D:2)
  7 gnolls
  4 adders
  A white imp (D:5)
  A worm (D:3)
  A dart slug (D:1)
  An orc (D:5)
  3 ball pythons
  9 endoplasms
  2 giant cockroaches
  9 goblins
  8 hobgoblins
  3 jackals (D:5)
  3 quokkas
  7 bats
  3 frilled lizards
  7 kobolds
  2 rats
88 creatures vanquished.

Notes
Turn   | Place    | Note
-------+----------+-------------------------------------------
     0 | D:1      | pkoi the Draconian Monk began the quest for the Orb.
     0 | D:1      | Reached XP level 1. HP: 19/19 MP: 1/1
   345 | D:1      | Reached XP level 2. HP: 26/26 MP: 2/2
   902 | D:1      | Reached skill level 4 in Unarmed Combat
   965 | D:2      | Reached XP level 3. HP: 7/31 MP: 3/3
  1584 | D:2      | Identified a scroll of acquirement
  1584 | D:2      | Acquired a manual of Bows
  1616 | D:2      | Noticed Robin
  1935 | D:3      | Reached XP level 4. HP: 38/38 MP: 4/4
  1977 | D:3      | Reached skill level 5 in Unarmed Combat
  2415 | D:3      | Noticed a centaur
  2431 | D:3      | Killed a centaur
  2432 | D:3      | Reached skill level 6 in Unarmed Combat
  2432 | D:3      | Reached XP level 5. HP: 10/45 MP: 5/5
  2837 | D:2      | Reached skill level 1 in Bows
  3199 | D:2      | Got the Almanac of Dusty Dark Magic
  4019 | D:2      | Killed Robin
  4583 | D:4      | Found a hide-covered altar of Uskayaw.
  4647 | D:4      | Reached XP level 6. HP: 36/51 MP: 6/6
  4776 | D:4      | Found a shadowy altar of Dithmenos.
  4807 | D:4      | Noticed an orc warrior
  5114 | D:5      | Entered Level 5 of the Dungeon
  5137 | D:4      | Became a worshipper of Dithmenos the Shadowed
  5137 | D:4      | Reached * piety under Dithmenos
  5137 | D:4      | Reached ** piety under Dithmenos
  5225 | D:5      | Noticed Edmund
  5339 | D:5      | Killed Edmund
  5340 | D:5      | Reached skill level 7 in Unarmed Combat
  5340 | D:5      | Your scales start taking on a golden yellow colour.
  5340 | D:5      | Reached XP level 7. HP: 47/57 MP: 7/7
  5340 | D:5      | Gained mutation: You are resistant to acid. (rCorr) [Yellow
                  | Draconian growth]
  5616 | D:5      | Noticed Pikel
  6031 | D:5      | Reached skill level 5 in Bows
  6169 | D:5      | Reached skill level 1 in Evocations
  6574 | D:5      | Found a white marble altar of Elyvilon.
  6660 | D:5      | Slain by Pikel

Illustrated notes

Levels and vault maps discovered:
D:1:      dpeg_arrival_arbitrary_b, layout_basic, minmay_curled_crystal
D:2:      layout_basic, uniq_robin
D:3:      layout_basic
D:4:      layout_basic, eat_drink_and_be_merry_uskayaw,
          grunt_dithmenos_smoke_and_mirrors, hex_large,
          nicolae_underground_beach, uniq_grinder
D:5:      layout_loops_corners, old_standard_altar, solitary_fountain,
          serial_bayou_pond_d, uniq_edmund, uniq_pikel

Skill      XL: |  1  2  3  4  5  6  7 |
---------------+----------------------+-----
Unarmed Combat | 4 6 7 |  7.6
Bows           | 2 4 5 |  5.7
Evocations     | 1 |  1.9
Fighting       | |  3.2
Dodging        | |  2.6
Stealth        | |  1.7

Action                   |  1- 3 |  4- 6 |  7- 9 || total
-------------------------+-------+-------+-------++-------
Melee: Unarmed           |    25 |   150 |    70 ||   245
       Tailslap          |    11 |    24 |    16 ||    51
       Dagger            |    95 |       |       ||    95
       Punch             |       |       |     3 ||     3
 Fire: Shortbow          |       |    25 |    17 ||    42
  Use: Scroll            |     3 |       |       ||     3
       Potion            |     1 |       |       ||     1
 Stab: Sleeping          |     7 |     3 |     1 ||    11
Armor: Skin              |    33 |    40 |    16 ||    89
Dodge: Dodged            |    45 |   107 |    48 ||   200
